 Dungeon Crawl Stone Soup version 0.22-a0-800-g058c00f (webtiles) character file.

29337 Darkshadow the Bludgeoner (level 13, 0/123 HPs)
             Began as a Minotaur Berserker on July 20, 2018.
             Was a High Priest of Trog.
             Slain by a seven-headed hydra (8 damage)
             ... on level 2 of the Lair of Beasts on July 21, 2018.
             The game lasted 00:46:37 (16744 turns).

Darkshadow the Bludgeoner (Minotaur Berserker)     Turns: 16744, Time: 00:46:38

Health: 0/123      AC:  9    Str: 22    XL:     13   Next: 14%
Magic:  12/12      EV: 15    Int:  5    God:    Trog [*****.]
Gold:   971        SH:  8    Dex: 14    Spells: 12/12 levels left

rFire    + . .     SeeInvis .   a - +0 morningstar (protect)
rCold    . . .     Gourm    .   x - +0 buckler
rNeg     . . .     Faith    .   (no armour)
rPois    .         Spirit   .   (helmet restricted)
rElec    .         Reflect  +   T - +0 cloak
rCorr    .         Harm     .   V - +0 pair of gloves
MR       .....                  (no boots)
Stlth    +.........             F - +2 amulet of reflection
HPRegen  0.30/turn              M - +2 ring of evasion
MPRegen  0.13/turn              p - ring of protection from fire

@: protection aura, drained
A: retaliatory headbutt, horns 2
a: Berserk, Trog's Hand, Brothers in Arms, Renounce Religion


You were on level 2 of the Lair of Beasts.
You worshipped Trog.
Trog was extremely pleased with you.
You were not hungry.

You visited 2 branches of the dungeon, and saw 15 of its levels.
You also visited: Ossuary.

You collected 971 gold pieces.

Inventory:

Hand Weapons
 a - a +0 morningstar of protection (weapon)
 v - a +0 mace of holy wrath
Missiles
 g - 471 stones
 E - 6 steel javelins (quivered)
Armour
 f - a +0 chain mail
 n - +0 acid dragon scales
 x - a +0 buckler (worn)
 O - the -6 buckler of Least Resistance {rC++ rN+}
   (You found it on level 7 of the Dungeon)

   It greatly protects you from cold.
   It protects you from negative energy.
 T - a +0 cloak (worn)
 V - a +0 pair of gloves (worn)
 X - a +0 plate armour
Jewellery
 b - an uncursed ring of ice
 k - a +2 ring of strength
 p - a ring of protection from fire (right hand)
 F - a +2 amulet of reflection (around neck)
 J - an uncursed amulet of magic regeneration
 M - a +2 ring of evasion (left hand)
 N - an uncursed ring of protection from fire
Wands
 l - a wand of flame (21)
 r - a wand of polymorph (6)
 P - a wand of disintegration (12)
 R - a wand of iceblast (22)
Scrolls
 d - 11 scrolls of teleportation
 e - 3 scrolls of magic mapping {unknown}
 m - 7 scrolls of remove curse {@r2}
 q - 8 scrolls of identify {@r1}
 y - a scroll of vulnerability {unknown}
 z - 3 scrolls of enchant weapon {unknown}
 C - a scroll of silence {unknown}
 D - a scroll of fear {unknown}
 H - 2 scrolls of enchant armour {unknown}
 K - a scroll of fog {unknown}
 Q - 2 scrolls of holy word
 U - a scroll of blinking {unknown}
 W - a scroll of torment {unknown}
Potions
 h - 2 potions of ambrosia
 i - a potion of cancellation {unknown}
 j - 6 potions of curing {@q1}
 o - 3 potions of agility
 s - 3 potions of invisibility
 t - 2 potions of berserk rage {unknown}
 u - 7 potions of flight
 w - 2 potions of brilliance {unknown}
 A - 2 potions of might
 B - a potion of degeneration {unknown}
 G - 3 potions of lignification
 I - 2 potions of haste
 L - 2 potions of heal wounds
 S - 2 potions of magic {unknown}
Comestibles
 c - 20 rations


   Skills:
 + Level 13.6(13.3) Fighting
 * Level 17.8(17.4) Maces & Flails
 + Level 10.8(10.5) Armour
 - Level 3.6(3.3) Dodging
 + Level 9.5(9.2) Shields


You had 12 spell levels left.
You didn't know any spells.
Your spell library was empty.

Dungeon Overview and Level Annotations

Branches:
Dungeon (13/15)            Temple (0/1) D:4            Lair (2/6) D:10
    Orc (0/2) D:12
  Swamp: Lair:2-4    Shoals: Lair:2-4     Snake: Lair:2-4    Spider: Lair:2-4
 Vaults: D:13-14

Altars:
Makhleb
Ru
Sif Muna
Trog
Uskayaw

Shops:
D:11 :

Annotations:
D:9 1 runed door, dforspid's ghost, novice DsFE


Innate Abilities, Weirdness & Mutations

You reflexively headbutt those who attack you in melee.
You have a pair of horns on your head.


Message History

The seven-headed hydra bites you but does no damage.
You block the seven-headed hydra's attack.
You're too hungry.
You eat one of the 21 rations.
That ration really hit the spot!
The seven-headed hydra bites you.
* * * LOW HITPOINT WARNING * * *
The seven-headed hydra closely misses you.
The seven-headed hydra bites you.
* * * LOW HITPOINT WARNING * * *
The seven-headed hydra bites you but does no damage.
The seven-headed hydra completely misses you.
You block the seven-headed hydra's attack.
The seven-headed hydra bites you.
* * * LOW HITPOINT WARNING * * *
You puncture the seven-headed hydra! You headbutt the seven-headed hydra.
The seven-headed hydra is severely wounded.
The seven-headed hydra bites you!
* * * LOW HITPOINT WARNING * * *
The seven-headed hydra bites you!
You die...

### #######.########
.P.####P.#P##.P..#.#.#.
......D@...............
.......................
.......................
.#...##.......#...###..
#.#.###.P....+.........
.............#.........
##. ...PP...........#..
# ....#....P......# .
#. .........###..P#..


You could see a seven-headed hydra.

Vanquished Creatures
  Nessos (D:12)
  Josephine (D:11)
  2 hydras
  3 two-headed ogres
  2 tengu warriors (D:13)
  Urug (Lair:2)
  4 skeletal warriors
  A wolf spider (D:13)
  2 ugly things (D:11)
  The ghost of jusw85 the Thaumaturge, a novice DECj of Vehumet (D:7)
  Psyche (D:10)
  2 spiny frogs (Lair:1)
  A komodo dragon (Lair:1)
  A rime drake (Lair:1)
  A kobold demonologist (D:11)
  A queen bee (D:7)
  A troll (D:9)
  A harpy skeleton (D:9)
  7 dream sheep (Lair:2)
  4 hippogriffs
  Sigmund (D:6)
  A shadow (D:13)
  A vampire (D:9)
  3 wyverns
  14 yaks
  A hungry ghost (D:12)
  5 wraiths (D:11)
  6 vampire mosquitoes
  3 acid dragons
  2 water moccasins
  Edmund (D:6)
  3 porcupines (Lair:1)
  2 phantoms (D:7)
  A black bear (D:9)
  4 sky beasts
  3 ice beasts
  5 orc warriors
  An ogre (D:8)
  3 necrophages
  4 centaurs
  6 crocodiles
  4 big kobolds (D:11)
  10 bullfrogs
  A wyvern skeleton (D:8)
  Dowan (D:6)
  3 scorpions
  23 killer bees
  3 howler monkeys
  5 wights (D:8)
  6 crimson imps
  A quasit (D:8)
  6 bullfrog zombies
  2 hounds
  4 jellies
  3 centaur zombies
  11 orc wizards
  6 orc priests
  3 centaur skeletons
  Crazy Yiuf (D:2)
  2 iguanas
  6 worker ants
  Natasha (thrice) (D:3)
  A killer bee zombie (D:10)
  A hound zombie (D:11)
  A hound skeleton (D:11)
  13 mummies (Ossuary)
  3 howler monkey skeletons
  A worker ant zombie (D:11)
  12 adders
  5 shadow imps
  3 oozes
  3 adder skeletons
  2 adder zombies
  A worm (D:2)
  A dart slug (D:3)
  7 leopard geckos
  33 orcs
  15 bats
  9 giant cockroaches
  15 hobgoblins
  11 jackals
  6 quokkas
  A ball python (D:3)
  4 frilled lizards
  3 gnoll skeletons (Ossuary)
  8 goblins
  2 goblin skeletons (Ossuary)
  A jackal zombie (D:3)
  12 kobolds
  2 kobold skeletons (Ossuary)
  A leopard gecko zombie (D:7)
  An orc skeleton (Ossuary)
  10 rats
  11 rat skeletons (Ossuary)
411 creatures vanquished.

Vanquished Creatures (collateral kills)
  A two-headed ogre (D:9)
  A tengu warrior (D:13)
  An ugly thing (D:13)
  A hippogriff (D:10)
  Duvessa (D:6)
  A jelly (D:13)
  An orc (D:9)
7 creatures vanquished.

Vanquished Creatures (others)
  4 plants (D:10)
  2 withered plants (D:7)
6 creatures vanquished.

Grand Total: 424 creatures vanquished

Notes
Turn   | Place    | Note
-------+----------+-------------------------------------------
     0 | D:1      | Darkshadow the Minotaur Berserker began the quest for the Orb.
     0 | D:1      | Reached XP level 1. HP: 19/19 MP: 0/0
   114 | D:1      | Reached XP level 2. HP: 26/27 MP: 1/1
   317 | D:1      | Reached skill level 4 in Maces & Flails
   375 | D:1      | Reached XP level 3. HP: 30/33 MP: 2/2
   728 | D:2      | Reached ** piety under Trog
   972 | D:2      | Reached XP level 4. HP: 40/40 MP: 3/3
  1151 | D:2      | Found a runed door.
  1302 | D:2      | Noticed Crazy Yiuf
  1308 | D:2      | Killed Crazy Yiuf
  1395 | D:3      | Reached XP level 5. HP: 44/47 MP: 4/4
  1506 | D:3      | Reached *** piety under Trog
  1928 | D:3      | Noticed Natasha
  1948 | D:3      | Killed Natasha
  1948 | D:3      | Reached skill level 5 in Maces & Flails
  2132 | D:3      | Noticed Natasha
  2143 | D:3      | Killed Natasha
  2143 | D:3      | Reached skill level 5 in Fighting
  2277 | D:3      | Noticed Natasha
  2289 | D:3      | Killed Natasha
  2289 | D:3      | Reached XP level 6. HP: 56/56 MP: 5/5
  2318 | D:4      | Found a staircase to the Ecumenical Temple.
  2646 | D:4      | Found a sand-covered staircase.
  2658 | Ossuary  | Entered an ossuary
  3117 | Ossuary  | Reached skill level 6 in Maces & Flails
  3149 | Ossuary  | Reached **** piety under Trog
  3983 | D:4      | Reached XP level 7. HP: 62/62 MP: 6/6
  4293 | D:5      | Entered Level 5 of the Dungeon
  4368 | D:5      | Found a deep blue altar of Sif Muna.
  4405 | D:5      | Reached skill level 5 in Armour
  4468 | D:5      | Upgraded the game from 0.22-a0-785-g6253c82 to 0.22-a0-800-g058c00f
  4492 | D:5      | Received a gift from Trog
  4816 | D:5      | Reached skill level 7 in Maces & Flails
  4859 | D:5      | Found a burning altar of Makhleb.
  4859 | D:5      | Noticed a blizzard demon
  4862 | D:5      | Noticed an orange demon
  4862 | D:5      | Noticed a hellwing
  5514 | D:6      | Reached skill level 10 in Fighting
  5514 | D:6      | Reached skill level 13 in Maces & Flails
  5514 | D:6      | Reached XP level 8. HP: 80/80 MP: 7/7
  5778 | D:6      | Noticed Sigmund
  5796 | D:6      | Killed Sigmund
  5796 | D:6      | Reached skill level 1 in Shields
  5911 | D:6      | Noticed Edmund
  5926 | D:6      | Killed Edmund
  5935 | D:6      | Noticed Dowan
  5938 | D:6      | Noticed Duvessa
  5964 | D:6      | Killed Dowan
  5972 | D:6      | Killed Duvessa
  6370 | D:7      | Reached XP level 9. HP: 85/86 MP: 8/8
  6778 | D:7      | Found a runed door.
  6785 | D:7      | Noticed jusw85's ghost (novice DECj)
  7177 | D:7      | Reached skill level 14 in Maces & Flails
  7370 | D:7      | Killed jusw85's ghost
  8044 | D:8      | Noticed a queen bee
  8048 | D:8      | Reached XP level 10. HP: 94/94 MP: 9/9
  8233 | D:8      | Reached ***** piety under Trog
  8632 | D:7      | Got a spiked buckler
  8643 | D:7      | Identified the -6 buckler of Least Resistance {rC++ rN+} (You found it on level 7 of the Dungeon)
  9159 | D:9      | Noticed a two-headed ogre
  9167 | D:9      | Killed a two-headed ogre
  9189 | D:9      | Found a hide-covered altar of Uskayaw.
  9374 | D:9      | Reached skill level 5 in Shields
  9424 | D:9      | Noticed a two-headed ogre
  9427 | D:9      | Killed a two-headed ogre
  9427 | D:9      | Reached skill level 15 in Maces & Flails
  9611 | D:9      | Found a runed door.
  9613 | D:9      | Noticed dforspid's ghost (novice DsFE)
  9652 | D:10     | Entered Level 10 of the Dungeon
  9685 | D:10     | Found a staircase to the Lair.
  9700 | D:10     | Noticed Psyche
  9708 | D:10     | Killed Psyche
  9708 | D:10     | Reached XP level 11. HP: 99/103 MP: 10/10
  9795 | D:10     | Found a sacrificial altar of Ru.
 10378 | D:11     | Noticed a cyan ugly thing
 10391 | D:11     | Killed a cyan ugly thing
 10551 | D:11     | Noticed a four-headed hydra
 10559 | D:11     | Killed a four-headed hydra
 10570 | D:11     | Noticed a brown ugly thing
 10604 | D:11     | Killed a brown ugly thing
 10731 | D:11     | Noticed a two-headed ogre
 10830 | D:11     | Killed a two-headed ogre
 10970 | D:11     | Noticed Josephine
 10981 | D:11     | Killed Josephine
 10981 | D:11     | Reached skill level 16 in Maces & Flails
 10992 | D:11     | Found Gionk's Book Boutique.
 11465 | D:11     | Noticed a skeletal warrior
 11477 | D:11     | Killed a skeletal warrior
 11477 | D:11     | Received a gift from Trog
 11540 | D:12     | Noticed a skeletal warrior
 11562 | D:12     | Killed a skeletal warrior
 11889 | D:11     | Noticed a skeletal warrior
 11903 | D:11     | Killed a skeletal warrior
 11903 | D:11     | Reached XP level 12. HP: 111/112 MP: 11/11
 12111 | D:12     | Found a staircase to the Orcish Mines.
 12216 | D:12     | Noticed Nessos
 12245 | D:12     | Killed Nessos
 13015 | D:13     | Noticed a two-headed ogre
 13030 | D:12     | Killed a two-headed ogre
 13092 | D:13     | Noticed a tengu warrior
 13111 | D:13     | HP: 4/112 [white ugly thing (22)]
 13118 | D:13     | Killed a tengu warrior
 13202 | D:13     | Reached skill level 17 in Maces & Flails
 13423 | D:13     | Reached skill level 10 in Armour
 13661 | D:13     | Noticed a tengu warrior
 13664 | D:13     | Noticed a tengu warrior
 13669 | D:13     | Killed a tengu warrior
 13685 | D:13     | Killed a tengu warrior
 13685 | D:13     | Paralysed by fainting for 8 turns
 14266 | Lair:1   | Entered Level 1 of the Lair of Beasts
 14555 | Lair:1   | Found a bloodstained altar of Trog.
 15243 | Lair:1   | Noticed a six-headed hydra
 15260 | Lair:1   | Killed a six-headed hydra
 15839 | Lair:1   | Received a gift from Trog
 15839 | Lair:1   | Reached XP level 13. HP: 122/122 MP: 12/12
 16133 | D:12     | Got a steaming scale mail
 16144 | D:12     | Identified the +1 scale mail of Gozag's Indignation {rN+} (You found it on level 12 of the Dungeon)
 16428 | Lair:2   | Noticed Urug
 16448 | Lair:2   | Killed Urug
 16744 | Lair:2   | Slain by a seven-headed hydra

Vault maps used:
D:1:      dpeg_arrival_tiny_g, minmay_misc_feat_columns, minmay_unequal
D:2:      corexii_shack, uniq_crazy_yiuf_cottage
D:3:      uniq_natasha
D:4:      minmay_temple_entry_junction_2, enter_ossuary_2, first_ration
D:5:      makhleb_altar_promises_db, lemuel_blue_sif_altar
D:6:      grunt_decor_fettered, skrybe_limestone_x, uniq_sigmund, uniq_edmund,
          uniq_duvessa
D:7:      gammafunk_ghost_grave
D:8:      david_nohive_1
D:9:      kennysheep_blocky_hall, ebering_ghost_reflecting_pool, basic_altar,
          uniq_erolcha
D:10:     dpeg_oklobed_lair, basic_altar, uniq_psyche
D:11:     serial_shops, shop, uniq_josephine
D:12:     orc_0_dummy, uniq_nessos
D:13:     minmay_cornered_nines
Lair:1:   basic_altar
Lair:2:   cheibrodos_lair_river_kwai, ebering_ghost_inner_flame,
          minmay_stone_trees_small, minmay_another_anthill, uniq_sonja,
          uniq_urug, uniq_gastronok
Ossuary:  ossuary_due_small_catacomb

Skill      XL: |  1  2  3  4  5  6  7  8  9 10 11 12 |
---------------+-------------------------------------+-----
Maces & Flails | 4 5 6 13 14 15 16 17 | 17.8
Fighting       | 4 5 10 11 12 13 | 13.6
Armour         | 3 4 5 6 7 9 10 | 10.8
Dodging        | 3 |  3.6
Shields        | 1 3 5 7 9 |  9.5

Action                   |  1- 3 |  4- 6 |  7- 9 | 10-12 | 13-15 || total
-------------------------+-------+-------+-------+-------+-------++-------
Melee: Mace              |    65 |   256 |   175 |       |       ||   496
       Headbutt          |     9 |    43 |    47 |   166 |    14 ||   279
       Morningstar       |       |       |    59 |   689 |    45 ||   793
Throw: Javelin           |       |       |     2 |     4 |     6 ||    12
Invok: Berserk           |     2 |     3 |     3 |    11 |       ||    19
       Trog's Hand       |       |     2 |     3 |     6 |       ||    11
       Brothers in Arms  |       |       |     1 |     3 |       ||     4
  Use: Scroll            |       |       |     6 |     9 |       ||    15
       Potion            |       |       |     1 |     1 |       ||     2
 Stab: Distracted        |       |       |     1 |       |       ||     1
  Eat: Chunk             |     2 |     7 |    10 |    17 |       ||    36
       Ration            |       |     2 |     2 |     7 |     1 ||    12
Armor: Animal skin       |     1 |       |       |       |       ||     1
       Chain mail        |    31 |   115 |   103 |   339 |     3 ||   591
       Skin              |       |     1 |       |       |     6 ||     7
Dodge: Dodged            |    37 |   105 |    86 |   272 |    25 ||   525
Block: Buckler           |       |       |    30 |   230 |    15 ||   275
       Reflection        |       |       |       |     9 |     4 ||    13

Table legend:
 A = Spawn XP
 B = Non-spawn XP
 C = Spawn XP percentage of total XP
 D = Spawn monster count
 E = Non-spawn monster count
 F = Spawn count percentage of total count
 G = Total turns spent on level
                    A         B        C        D         E        F      G
               +---------+---------+-------+---------+---------+-------+---------
         Total |       0 |   41020 |   0.0 |       0 |     418 |   0.0 | 16744
               +---------+---------+-------+---------+---------+-------+---------
           D:1 |       0 |      59 |   0.0 |       0 |      30 |   0.0 |   738
           D:2 |       0 |     119 |   0.0 |       0 |      32 |   0.0 |   618
           D:3 |       0 |     210 |   0.0 |       0 |      30 |   0.0 |  1050
           D:4 |       0 |     105 |   0.0 |       0 |      14 |   0.0 |   879
           D:5 |       0 |     188 |   0.0 |       0 |       9 |   0.0 |  1259
           D:6 |       0 |     959 |   0.0 |       0 |      20 |   0.0 |   705
           D:7 |       0 |    2082 |   0.0 |       0 |      22 |   0.0 |  1286
           D:8 |       0 |    2117 |   0.0 |       0 |      46 |   0.0 |  1013
           D:9 |       0 |    3731 |   0.0 |       0 |      31 |   0.0 |  1024
          D:10 |       0 |    1400 |   0.0 |       0 |      20 |   0.0 |   702
          D:11 |       0 |    9406 |   0.0 |       0 |      43 |   0.0 |  1305
          D:12 |       0 |    5422 |   0.0 |       0 |      23 |   0.0 |  1576
          D:13 |       0 |    6690 |   0.0 |       0 |      33 |   0.0 |  1232
        Lair:1 |       0 |    5465 |   0.0 |       0 |      24 |   0.0 |  1825
        Lair:2 |       0 |    2813 |   0.0 |       0 |       9 |   0.0 |   401
       Ossuary |       0 |     254 |   0.0 |       0 |      32 |   0.0 |  1131
               +---------+---------+-------+---------+---------+-------+---------
